 Dungeon Crawl Stone Soup version 0.27-a0-1595-g0b823d0a13 (webtiles) character file.

Game seed: 18419756301150056370

270 ezpacito the Distorting Demonspawn (level 6, -2/47 HPs)
             Began as a Demonspawn Abyssal Knight on July 20, 2021.
             Was a Believer of Lugonu.
             Succumbed to a killer bee's poison
             ... on level 5 of the Dungeon.
             The game lasted 00:05:59 (3891 turns).

ezpacito the Distorting Demonspawn (DsAK)           Turns: 3891, Time: 00:06:00

Health: -2/47      AC: 20    Str: 12    XL:     6   Next: 1%
Magic:  8/8        EV:  6    Int: 14    God:    Lugonu [**....]
Gold:   155        SH:  0    Dex: 14    Spells: 7/7 levels left

rFire    . . .     SeeInvis .   a - +2 hand axe
rCold    . . .     Faith    .   (no shield)
rNeg     . . .     Spirit   .   o - +0 chain mail
rPois    .         Reflect  .   (no helmet)
rElec    .         Harm     .   w - +0 cloak
rCorr    .         Rampage  .   (no gloves)
Will     .....                  (no boots)
Stlth    ..........             (no amulet)
HPRegen  0.15/turn              i - ring of flight
MPRegen  0.22/turn              g - +4 ring of protection

@: lethally poisoned (-2 -> -19), sanguine armoured, attractive, flying, very
slightly contaminated, hasted, studying Unarmed Combat, invisible, very quick
A: magic regeneration, sanguine armour 1
a: Renounce Religion, Depart the Abyss, Bend Space


You were on level 5 of the Dungeon.
You worshipped Lugonu.
Lugonu was pleased with you.
You visited 1 branch of the dungeon, and saw 5 of its levels.
You visited the Abyss 1 time.

You collected 155 gold pieces.

Inventory:

Hand Weapons
 a - a +2 hand axe (weapon)
Missiles
 d - 141 stones
 f - 2 throwing nets
 j - 5 silver boomerangs
 n - 8 atropa-tipped darts
Armour
 o - a +0 chain mail (worn)
 w - a +0 cloak (worn)
Jewellery
 g - a +4 ring of protection (right hand)
 i - a ring of flight (left hand)
 q - a ring of willpower
 s - a +6 ring of intelligence
Scrolls
 h - a scroll of amnesia
Potions
 b - a potion of lignification
 c - a potion of cancellation
 e - 2 potions of curing
 k - a potion of flight
 l - a potion of magic


   Skills:
 + Level 3.5 Fighting
 * Level 3.2 Axes
 + Level 1.4 Throwing
 + Level 2.4 Armour
 + Level 2.0 Dodging
 + Level 1.8 Unarmed Combat
 + Level 1.3 Spellcasting
 + Level 3.6 Invocations


You had 7 spell levels left.
You didn't know any spells.
Your spell library contained the following spells:

 Spells                   Type           Power      Damage    Failure   Level
 Foxfire                  Conj/Fire      0%         2x1d4     100%        1
 Conjure Flame            Conj/Fire      0%         6-21      100%        3
 Inner Flame              Hex/Fire       0%         N/A       100%        3
 Airstrike                Air            0%         N/A       100%        4
 Summon Lightning Spire   Summ/Air       0%         N/A       100%        4
 Lightning Bolt           Conj/Air       0%         1d11      100%        5


Dungeon Overview and Level Annotations

Branches:
Dungeon (5/15)
 Temple: D:4-7

Altars:
Elyvilon

Shops:
D:3 =


Innate Abilities, Weirdness & Mutations

You regenerate magic rapidly.
When seriously injured, your bleeding wounds create armour. (AC +6)


Message History

The killer bee stings you but does no damage. x3
You catch the helpless killer bee completely off-guard!
You hit the killer bee.
The killer bee is heavily wounded.
You miss the killer bee. You barely miss the killer bee.
* * * LOW HITPOINT WARNING * * *
You feel sick.
The killer bee stings you but does no damage. x6
You closely miss the killer bee.
The killer bee is heavily wounded.
You barely miss the killer bee.
You strike the helpless killer bee from behind!
You hit the killer bee.
You feel sick.
The killer bee stings you but does no damage. x2
The killer bee closely misses you.
You miss the killer bee.
The killer bee is heavily wounded.
You closely miss the killer bee.
You hit the killer bee but do no damage.
You feel sick.
The killer bee stings you but does no damage. x2
The killer bee barely misses you. x2; The killer bee stings you.
* * * LOW HITPOINT WARNING * * *
You are lethally poisoned!
The killer bee poisons you! The killer bee closely misses you.
You miss the killer bee.
The killer bee is heavily wounded.
You miss the killer bee. You hit the killer bee.
* * * LOW HITPOINT WARNING * * *
You feel sick.
The killer bee stings you but does no damage.
The killer bee stings you.
* * * LOW HITPOINT WARNING * * *
You are more poisoned.
The killer bee poisons you! The killer bee closely misses you.
Unknown command.
You barely miss the killer bee.
The killer bee is heavily wounded.
You miss the killer bee. You closely miss the killer bee.
You die...

.# #....
.###.....
.........
......... .#
#........
...#####........
........yy......
#....@y#
###...## #.<.##
#...# .....#
.......#
.........#
.........#
..........


You could see 3 killer bees.

Vanquished Creatures
  A water moccasin skeleton (D:4)
  A howler monkey (D:4)
  A centaur skeleton (D:4)
  3 gnolls (D:3)
  3 adders (D:2)
  3 worms
  2 dart slugs
  8 ball pythons
  6 endoplasms
  4 giant cockroaches
  8 goblins
  10 hobgoblins
  8 jackals
  3 kobolds
  3 quokkas
  6 bats
  3 frilled lizards
  7 rats
80 creatures vanquished.

Notes
Turn   | Place    | Note
-------+----------+-------------------------------------------
     0 | Abyss:1  | ezpacito the Demonspawn Abyssal Knight began the quest for
                  | the Orb.
     0 | Abyss:1  | Reached XP level 1. HP: 18/18 MP: 2/2
    21 | Abyss:2  | Noticed a wretched star
    24 | D:1      | Escaped the Abyss
   122 | D:1      | Reached skill level 1 in Dodging
   177 | D:1      | Reached * piety under Lugonu
   178 | D:1      | Gained mutation: When seriously injured, your bleeding
                  | wounds create armour. (AC +6) [demonic ancestry]
   178 | D:1      | Reached XP level 2. HP: 13/24 MP: 3/3
   650 | D:1      | Reached XP level 3. HP: 25/29 MP: 5/5
   865 | D:1      | Identified a scroll of acquirement
   865 | D:1      | Acquired a manual of Unarmed Combat
  1123 | D:2      | Reached XP level 4. HP: 20/35 MP: 6/6
  1337 | D:2      | Reached ** piety under Lugonu
  2019 | D:3      | Found Dyut Ocy's Jewellery Boutique.
  2283 | D:3      | Reached skill level 1 in Unarmed Combat
  2299 | D:3      | Reached skill level 1 in Throwing
  2411 | D:3      | Reached skill level 1 in Spellcasting
  2807 | D:3      | Gained mutation: You regenerate magic rapidly. [demonic
                  | ancestry]
  2807 | D:3      | Reached XP level 5. HP: 37/41 MP: 7/7
  3275 | D:4      | Reached XP level 6. HP: 40/47 MP: 8/8
  3876 | D:5      | Entered Level 5 of the Dungeon
  3890 | D:5      | HP: 1/47 [killer bee (2)]
  3891 | D:5      | Succumbed to a killer bee's poison

Illustrated notes

Levels and vault maps discovered:
D:1:      heliophobic_arrival_battle_scene, layout_rooms
D:2:      layout_basic, item_on_display_a
D:3:      layout_loops_cross, serial_shops, shop
D:4:      layout_basic, amcnicky_altar_gilded
D:5:      layout_layer_cave, yredelemnul_altar_generic, serial_shops, shop,
          ebering_ghost_disaster_area, nicolae_shop_self_help

Skill      XL: |  1  2  3  4  5 |
---------------+----------------+-----
Dodging        | 1 2 |  2.0
Axes           | 2 3 |  3.2
Armour         | 2 |  2.4
Invocations    | 3 |  3.6
Unarmed Combat | 1 |  1.8
Throwing       | 1 |  1.4
Spellcasting   | 1 |  1.3
Fighting       | |  3.5

Action                   |  1- 3 |  4- 6 || total
-------------------------+-------+-------++-------
Melee: Hand axe          |   108 |   191 ||   299
Invok: Depart the Abyss  |     1 |       ||     1
  Use: Scroll            |     2 |     7 ||     9
       Potion            |       |     5 ||     5
 Stab: Invisible         |       |     2 ||     2
Armor: Leather armour    |    26 |       ||    26
       Ring mail         |    26 |   101 ||   127
       Skin              |       |    21 ||    21
       Chain mail        |       |    34 ||    34
Dodge: Dodged            |    79 |   119 ||   198

Table legend: (Time is in decaauts)
 A = Elapsed time spent in this place.
 B = Non-inter-level travel time spent in this place.
 C = Inter-level travel time spent in this place.
 D = Time resting spent in this place.
 E = Time spent auto-exploring this place.
 F = Levels seen in this place.
 G = Mean time per level.
                   A        B        C        D        E       F      G
               +--------+--------+--------+--------+--------+-----+--------+
         Total |   3933 |   3803 |    130 |    270 |   2896 |   7 |  561.9 |
       Dungeon |   3909 |   3779 |    130 |    270 |   2896 |   5 |  781.8 |
         Abyss |     23 |     23 |      0 |      0 |      0 |   2 |   11.5 |
               +--------+--------+--------+--------+--------+-----+--------+

Top non-repeatable levels by time:
     D:3: 1125 daAuts
     D:2: 1069 daAuts
     D:1: 866 daAuts
     D:4: 834 daAuts
 Abyss:2: 15 daAuts
     D:5: 13 daAuts
 Abyss:1: 8 daAuts
